 Dungeon Crawl Stone Soup version 0.29.1-14-g9c671dbff4 (webtiles) character file.

Game seed: 13900665785149806859

22114 wolfrpgdude the Fencer (level 12, -4/113 HPs)
             Began as a Minotaur Fighter on Feb 14, 2023.
             Was a High Priest of Okawaru.
             Slain by a death yak (8 damage)
             ... while paralysed
             ... on level 4 of the Lair of Beasts on Feb 15, 2023.
             The game lasted 00:35:23 (17375 turns).

wolfrpgdude the Fencer (Minotaur Fighter)          Turns: 17375, Time: 00:35:24

Health: -4/113     AC: 15    Str: 24 (25) XL:     12   Next: 60%
Magic:  0/11       EV:  2    Int: -1 (2)  God:    Okawaru [*****.]
Gold:   367        SH:  0    Dex: 12 (14) Spells: 11/11 levels left

rFire   + . .      SeeInvis +   c - +2 triple sword "Risocaxo" {spect, rF+}
rCold   . . .      Faith    .   (shield currently unavailable)
rNeg    . . .      Spirit   +   C - +0 plate armour
rPois   .          Reflect  .   (helmet restricted)
rElec   .          Harm     .   a - +1 cloak
rCorr   +          Rampage  .   l - +0 pair of gloves
Will    .....      Rage     3%  (no boots)
Stlth   ..........              B - amulet of guardian spirit
HPRegen 0.28/turn               o - ring of resist corrosion
MPRegen 0.12/turn               H - ring of see invisible

@: paralysed, brilliant, attractive, flying, slowed, lost intelligence, studying
Throwing, invisible, unable to read
A: horns 2, retaliatory headbutt, agile 1, berserk 1, deformed body, dopey 1
a: Renounce Religion, Heroism, Finesse, Duel


You were on level 4 of the Lair of Beasts.
You worshipped Okawaru.
Okawaru was extremely pleased with you.
You visited 3 branches of the dungeon, and saw 14 of its levels.
You also visited: Ossuary.

You collected 1043 gold pieces.
You spent 676 gold pieces at shops.

Inventory:

Hand Weapons
 c - the +2 triple sword "Risocaxo" (weapon) {spect, rF+}
   (You acquired it on level 9 of the Dungeon)

   When its wielder attacks, the weapon's spirit leaps out and strikes again.
   The spirit shares a part of any damage it takes with its wielder.
   rF:        It protects you from fire.
 N - a +2 vorpal arbalest
Armour
 a - a +1 cloak (worn)
 j - a +2 pair of gloves
 l - a +0 pair of gloves (worn)
 C - a +0 plate armour (worn)
 P - the +1 cloak of Context {Str+4}
   (Okawaru gifted it to you on level 4 of the Lair of Beasts)

   Str:       It affects your strength (+4).
Jewellery
 b - a ring of ice
 o - a ring of resist corrosion (left hand)
 B - an amulet of guardian spirit (around neck)
 H - a ring of see invisible (right hand)
Wands
 k - a wand of flame (31)
 y - a wand of digging (6)
 A - a wand of polymorph (2)
 E - a wand of mindburst (7)
 G - a wand of acid (7)
 M - a wand of iceblast (3)
Scrolls
 g - 3 scrolls of amnesia
 h - 17 scrolls of identify
 n - 5 scrolls of teleportation
 t - a scroll of silence
 u - 3 scrolls of magic mapping
 v - 2 scrolls of fear
 F - a scroll of poison
 I - a scroll of fog
 K - a scroll of enchant weapon
Potions
 d - a potion of might
 e - 2 potions of lignification
 f - 6 potions of curing
 i - 2 potions of ambrosia
 m - 4 potions of flight
 p - a potion of degeneration
 q - a potion of resistance
 r - 2 potions of attraction
 s - 3 potions of mutation
 w - 3 potions of invisibility
 x - 3 potions of brilliance
 z - a potion of haste {unknown}
 D - a potion of berserk rage {unknown}
 L - a potion of cancellation {unknown}
Miscellaneous
 J - a phial of floods
 O - a condenser vane


   Skills:
 + Level 12.4 Fighting
 + Level 16.8 Long Blades
 + Level 2.8 Ranged Weapons
 + Level 13.5 Armour
 + Level 4.4 Dodging
 + Level 1.7 Stealth
 + Level 4.1 Shields


You had 11 spell levels left.
You didn't know any spells.
Your spell library contained the following spells:

 Spells                   Type           Power      Damage    Failure   Level
 Sublimation of Blood     Necr           0%         N/A       100%        2
 Dazzling Flash           Conj/Hex       0%         N/A       100%        3
 Ozocubu's Armour         Ice            0%         N/A       100%        3
 Petrify                  Tmut/Erth      0%         N/A       100%        4
 Agony                    Necr           0%         N/A       100%        5
 Fireball                 Conj/Fire      0%         3d3       100%        5
 Irradiate                Conj/Tmut      0%         3d11      100%        5
 Silence                  Hex/Air        0%         N/A       100%        5
 Starburst                Conj/Fire      0%         6d3       100%        6
 Ozocubu's Refrigeration  Ice            0%         4d7       100%        7
 Ignition                 Fire           0%         3d3       100%        8


Dungeon Overview and Level Annotations

Branches:
Dungeon (9/15)             Temple (1/1) D:7            Lair (4/5) D:9
  Swamp (0/4) Lair:2       Spider (0/4) Lair:2        Slime (0/5) Lair:4
Ossuary (visited)
    Orc: D:9-12

Altars:
Ashenzari
Dithmenos
Elyvilon
Fedhas
Gozag
Hepliaklqana
Kikubaaqudgha
Makhleb
Nemelex Xobeh
Okawaru
Qazlal
Ru
Sif Muna
Trog
Uskayaw
Vehumet
Wu Jian
Xom
Yredelemnul
Zin
The Shining One
Jiyva

Shops:
D:3 [[   D:5 (   D:6 !   D:9 ?*?


Innate Abilities, Weirdness & Mutations

You have a pair of horns on your head.
You reflexively headbutt those who attack you in melee.
You are agile. (Dex +4, Str/Int -1)
You sometimes lose your temper in combat.
Armour fits poorly on your strangely shaped body.
You are dopey. (Int -2)


Message History

The death yak is almost dead.
The death yak misses you.
You hit the death yak.
The death yak is almost dead.
The death yak gores you!
* * * LOW HITPOINT WARNING * * *
You slash the death yak!
The death yak is almost dead.
The death yak closely misses you. You furiously retaliate!
You headbutt the death yak, but do no damage.
You hit the death yak but do no damage.
The death yak is almost dead.
The death yak gores you!
* * * LOW HITPOINT WARNING * * *
It was a potion of flight.
You feel very buoyant.
You fly up into the air.
The death yak gores you but does no damage.
It was a potion of mutation.
You feel extremely strange.
You feel stupid.
Your body twists and deforms.
You feel a little pissed off.
You feel agile. The death yak gores you.
* * * LOW HITPOINT WARNING * * *
It was a potion of invisibility.
You fade into invisibility!
The death yak gores you!
* * * LOW HITPOINT WARNING * * *
It was a potion of attraction.
You feel attractive to monsters.
The death yak gores you but does no damage.
It was a potion of brilliance.
You feel clever all of a sudden. The death yak gores you.
* * * LOW HITPOINT WARNING * * *
It was a potion of degeneration.
There was something very wrong with that liquid.
You feel weakened.
You feel dopey.
You have lost your intelligence.
You feel clumsy. The death yak gores you!
You die... ..... .... ##... ...
FYS

## #Y######.##.. ..
#Y#......##.... ..
#@#P..........#...
##.##.....#.....#..
#..#......##...#...
##..#..........(...
#..##......#.......
#..####..##..P.....
##.####.'........P.
#..................
#................P.


You could see 3 death yaks, a cane toad (unable to see you) and a water moccasin
(unable to see you).

Vanquished Creatures
  2 hydras (Lair:2)
  A death yak (Lair:4)
  Pikel (D:6)
  6 black mambas
  5 cane toads
  3 rime drakes
  5 komodo dragons
  5 blink frogs (Lair:1)
  6 dream sheep (Lair:2)
  A hornet (D:8)
  A troll (D:9)
  2 jumping spiders (Lair:2)
  A wraith (D:8)
  Sigmund (D:4)
  32 yaks
  5 basilisks
  2 steam dragons
  4 redbacks (Lair:2)
  Menkaure (D:6)
  5 water moccasins
  3 ice beasts
  6 orc warriors
  2 sky beasts (D:7)
  2 black bears
  An ogre (D:7)
  4 wolves (Lair:1)
  2 centaurs
  A phantom (D:7)
  A kobold brigand (D:8)
  4 bullfrogs
  A necrophage (D:5)
  2 scorpions (D:5)
  3 wights (D:9)
  26 killer bees
  2 howler monkeys (D:8)
  2 electric eels
  A lava snake (Lair:1)
  5 hounds
  A jelly (D:6)
  7 orc priests
  4 iguanas
  Ijyb (D:3)
  9 orc wizards
  9 mummies
  11 adders
  4 gnolls (D:5)
  2 white imps (D:7)
  2 worms
  A dart slug (D:1)
  33 orcs
  7 endoplasms
  3 giant cockroaches
  4 goblins
  3 hobgoblins
  2 jackals (D:1)
  7 kobolds
  3 quokkas
  7 ball pythons
  2 bats
  6 frilled lizards
  3 hobgoblin zombies
  4 kobold zombies (Ossuary)
  3 orc zombies (Ossuary)
  5 rats
  A fungus (Lair:1)
301 creatures vanquished.

Vanquished Creatures (others)
  9 fungi
  12 plants
21 creatures vanquished.

Grand Total: 322 creatures vanquished

Notes
Turn   | Place    | Note
-------+----------+-------------------------------------------
     0 | D:1      | wolfrpgdude the Minotaur Fighter began the quest for the
                  | Orb.
     0 | D:1      | Reached XP level 1. HP: 19/19 MP: 0/0
    12 | D:1      | Noticed an electric eel
   218 | D:1      | Reached XP level 2. HP: 19/27 MP: 1/1
   867 | D:2      | Reached XP level 3. HP: 33/33 MP: 2/2
   912 | D:2      | Reached skill level 1 in Dodging
  1016 | D:2      | Found a faded altar of an unknown god.
  1673 | D:3      | Noticed Ijyb
  1681 | D:3      | Killed Ijyb
  1682 | D:3      | Reached skill level 3 in Long Blades
  1682 | D:3      | Reached XP level 4. HP: 21/41 MP: 3/3
  2158 | D:3      | Reached skill level 4 in Long Blades
  2463 | D:3      | Found Kiclaz's Armour Shoppe.
  2594 | D:3      | Reached XP level 5. HP: 46/47 MP: 4/4
  2902 | D:3      | Found Ydasepui's Armour Emporium.
  3195 | D:4      | Found a glowing golden altar of the Shining One.
  3204 | D:4      | Found a sacrificial altar of Ru.
  3207 | D:4      | Found an iron altar of Okawaru.
  3208 | D:4      | Found a white marble altar of Elyvilon.
  3210 | D:4      | Found an ancient bone altar of Kikubaaqudgha.
  3221 | D:4      | Became a worshipper of Warmaster Okawaru
  3237 | D:4      | Noticed Sigmund
  3243 | D:4      | Killed Sigmund
  3244 | D:4      | Reached skill level 5 in Long Blades
  3244 | D:4      | Reached skill level 5 in Armour
  3244 | D:4      | Reached XP level 6. HP: 50/55 MP: 5/5
  3732 | D:4      | Reached * piety under Okawaru
  3814 | D:5      | Entered Level 5 of the Dungeon
  3822 | D:5      | Noticed a water moccasin
  3830 | D:5      | Reached skill level 6 in Long Blades
  3832 | D:5      | Killed a water moccasin
  3833 | D:5      | Reached skill level 5 in Fighting
  3833 | D:5      | Reached XP level 7. HP: 50/61 MP: 6/6
  3873 | D:5      | Found a sand-covered staircase.
  3961 | Ossuary  | Entered an ossuary
  4257 | Ossuary  | Reached skill level 7 in Long Blades
  4598 | D:5      | Reached ** piety under Okawaru
  4765 | D:5      | Found Vesuysk's Weapon Boutique.
  4775 | D:5      | Reached skill level 8 in Long Blades
  4775 | D:5      | Reached XP level 8. HP: 70/70 MP: 7/7
  5782 | D:6      | Noticed Pikel
  5800 | D:6      | Killed Pikel
  5800 | D:6      | Reached *** piety under Okawaru
  5801 | D:6      | Reached skill level 9 in Long Blades
  5981 | D:6      | Found Rotowne's Distillery.
  6087 | D:6      | Noticed Menkaure
  6097 | D:6      | Reached skill level 1 in Stealth
  6103 | D:6      | Killed Menkaure
  6343 | D:6      | Reached XP level 9. HP: 72/78 MP: 8/8
  6696 | D:6      | Reached **** piety under Okawaru
  6842 | D:6      | Reached skill level 10 in Long Blades
  7665 | D:7      | Found a staircase to the Ecumenical Temple.
  7702 | Temple   | Entered the Ecumenical Temple
  8374 | D:7      | Reached skill level 11 in Long Blades
  8482 | D:8      | Reached ***** piety under Okawaru
  8493 | D:8      | Reached XP level 10. HP: 31/89 MP: 4/9
  8979 | D:8      | Reached skill level 12 in Long Blades
  9823 | D:8      | Identified the +5 falchion of Pimayple {antimagic, rC+
                  | Int+5 Dex+2}
  9840 | D:8      | Reached skill level 10 in Armour
 10394 | D:8      | Reached skill level 13 in Long Blades
 10585 | D:9      | HP: 4/90 [killer bee (1)]
 11285 | D:9      | Found Waxetis's Demolitions Depot.
 11295 | D:9      | Found Xobeh's Magic Scroll Shop.
 11315 | D:9      | Bought a scroll of acquirement for 676 gold pieces
 11318 | D:9      | Acquired the +2 triple sword "Risocaxo" {spect, rF+}
 11403 | D:9      | Identified the +3 buckler "Tessent" {rElec Will+} (Okawaru
                  | gifted it to you on level 9 of the Dungeon)
 11403 | D:9      | Received a gift from Okawaru
 11567 | D:9      | Found a staircase to the Lair.
 11569 | D:9      | Found a shadowy altar of Dithmenos.
 11575 | D:9      | Found a shimmering altar of Xom.
 11575 | D:9      | Found an opulent altar of Gozag.
 11613 | D:9      | Found Uhuidyoss's Magic Scroll Emporium.
 11843 | D:9      | Reached XP level 11. HP: 85/99 MP: 10/10
 12203 | D:9      | Found an ornate altar of the Wu Jian Council.
 12203 | D:9      | Found a blossoming altar of Fedhas.
 12430 | Lair:1   | Entered Level 1 of the Lair of Beasts
 12434 | Lair:1   | Reached skill level 10 in Fighting
 12800 | Lair:1   | Reached skill level 14 in Long Blades
 14077 | Lair:2   | Received a gift from Okawaru
 14215 | Lair:2   | Found a staircase to the Swamp.
 14220 | Lair:2   | Noticed a six-headed hydra
 14228 | Lair:2   | Killed a ten-headed hydra
 14229 | Lair:2   | Reached skill level 15 in Long Blades
 14475 | Lair:2   | Found a hole to the Spider Nest.
 14502 | Lair:2   | Reached XP level 12. HP: 111/111 MP: 11/11
 14663 | Lair:2   | Reached skill level 1 in Ranged Weapons
 14837 | Lair:2   | Received a gift from Okawaru
 15113 | Lair:2   | Reached skill level 16 in Long Blades
 15554 | Lair:3   | Noticed a seven-headed hydra
 15568 | Lair:2   | Killed a ten-headed hydra
 16758 | Lair:4   | HP: 3/113 [basilisk (4)]
 17266 | Lair:4   | Found a staircase to the Slime Pits.
 17266 | Lair:4   | Found a viscous altar of Jiyva.
 17347 | Lair:4   | Noticed a death yak
 17347 | Lair:4   | Noticed a death yak
 17349 | Lair:4   | Noticed a death yak
 17353 | Lair:4   | Noticed a death yak
 17357 | Lair:4   | Killed a death yak
 17357 | Lair:4   | Identified the +1 cloak of Context {Str+4} (Okawaru gifted
                  | it to you on level 4 of the Lair of Beasts)
 17357 | Lair:4   | Received a gift from Okawaru
 17371 | Lair:4   | Gained mutation: You are dopey. (Int -2) [potion of
                  | mutation]
 17371 | Lair:4   | Gained mutation: Armour fits poorly on your strangely
                  | shaped body. [potion of mutation]
 17371 | Lair:4   | Gained mutation: You sometimes lose your temper in combat.
                  | [potion of mutation]
 17371 | Lair:4   | Gained mutation: You are agile. (Dex +4, Str/Int -1)
                  | [potion of mutation]
 17374 | Lair:4   | HP: 4/113 [death yak (5)]
 17375 | Lair:4   | Lost intelligence.
 17375 | Lair:4   | Slain by a death yak

Illustrated notes

Levels and vault maps discovered:
D:1:      arrival_aquarium_a, layout_rooms
D:2:      layout_basic, dreamdust_ecumenical_altar_grove
D:3:      layout_loops_corners, serial_shops, shop, shop, minivault_25,
          uniq_ijyb
D:4:      layout_loops_ring, minitemple, kennysheep_generic_room_13,
          uniq_sigmund
D:5:      layout_gridville, nicolae_ossuary_entry_giza, serial_shops,
          nicolae_shop_advertising_works [nicolae_subvault_shop_adworks],
          minmay_manual_mail
D:6:      layout_cave_pods, serial_shops, shop, uniq_pikel, uniq_menkaure
D:7:      layout_basic, minmay_temple_entry_proselytizer
D:8:      layout_loops_ring, minmay_chambers_of_fives
D:9:      layout_stronghold, gammafunk_temple_overflow_forgotten,
          gammafunk_temple_overflow_pools, lair_entry_dummy, serial_shops,
          nicolae_shop_statue_plus, nicolae_shop_trees, nicolae_blasting_shop,
          sword_in_stone
Temple:   hellmonk_temple_of_storms
Lair:1:   layout_gridlike
Lair:2:   layout_loops_ring, swamp_mist_pool, nicolae_spider_entry_tight_spaces,
          chequers_serial_rivers_large_b
Lair:3:   layout_roguey, serial_bayou_lagoon_a, kennysheep_catoblepas_arena
Lair:4:   gammafunk_boulding_lane, layout_regular_city, slime_entry_1,
          infiniplex_staircase_pool, grunt_megastairs_4, lemuel_fruit_tree

Skill      XL: |  1  2  3  4  5  6  7  8  9 10 11 12 |
---------------+-------------------------------------+-----
Shields        | 4 |  4.1
Armour         | 4 5 6 8 9 11 12 13 | 13.5
Fighting       | 4 5 6 8 9 11 12 | 12.4
Dodging        | 1 3 4 |  4.4
Long Blades    | 3 4 5 6 8 9 11 13 15 16 | 16.8
Stealth        | 1 |  1.7
Ranged Weapons | 2 |  2.8

Action                   |  1- 3 |  4- 6 |  7- 9 | 10-12 || total
-------------------------+-------+-------+-------+-------++-------
Melee: Long sword        |    58 |       |       |       ||    58
       Headbutt          |    13 |    11 |    51 |    88 ||   163
       Great sword       |    31 |    99 |   250 |    89 ||   469
       Falchion          |       |       |       |    60 ||    60
       Triple sword      |       |       |       |   255 ||   255
 Fire: Longbow           |       |       |       |    20 ||    20
Invok: Heroism           |       |       |       |     1 ||     1
  Use: Scroll            |     7 |     2 |     5 |     4 ||    18
       Potion            |       |       |     1 |    14 ||    15
 Stab: Distracted        |       |       |       |     1 ||     1
Armor: Scale mail        |    53 |    81 |    95 |       ||   229
       Plate armour      |       |       |    56 |   359 ||   415
Dodge: Dodged            |    56 |    67 |   142 |   233 ||   498
Block: Buckler           |    14 |       |       |       ||    14
